 Dungeon Sprint DCSS version 0.16-a0-3803-gd4b2de5 (webtiles) character file.

8952 PolkaDot the Black Belt (level 11, -21/110 HPs)
             Began as a Red Draconian Monk on Jan 26, 2015.
             Was the Champion of Qazlal.
             Demolished by a reaper
             ... wielding a +1 scythe of venom
              (33 damage)
             ... in the Dungeon (Sprint V: "Ziggurat Sprint").
             The game lasted 00:15:09 (2382 turns).

PolkaDot the Black Belt (Red Draconian Monk)        Turns: 2382, Time: 00:15:09

Health: -21/110    AC:  7    Str: 16 (17) XL:     11   Next: 16%
Magic:  32/32      EV: 29    Int: 23      God:    Qazlal [******]
Gold:   0          SH:  8    Dex: 26      Spells: 1 memorised, 3 levels left

rFire  + + +     SeeInvis +       - Unarmed
rCold  + . .     Clarity  .     (armour unavailable)
rNeg   + . .     SustAb   .     (no shield)
rPois  +         Gourm    .     (helmet restricted)
rElec  +         Spirit   .     (no cloak)
rCorr  +         Warding  +     (no gloves)
rMut   .         NoTele   +     (no boots)
MR     .....                    R - amulet "Cryutovy" {Ward Contam rF++ rN+ Int+6 Dex-2 Slay+2}
Stlth  +.........               N - ring of Meduisyps {+Fly rElec rF- MP+9 Str+4 Int+2 Dex+4 SInv}
                                a - +6 ring of dexterity

@: agile, resistant, repel missiles, not resistant to hostile enchantments, very
unstealthy
A: breathe fire, unfitting armour, blurry vision 2, deterioration 1, fire
resistance 1, no device heal 1, cold-blooded, AC +7
a: Breathe Fire, Upheaval, Elemental Force, Disaster Area, Renounce Religion,
Evoke Flight


You were in the Dungeon.
You worshipped Qazlal.
Qazlal was exalted by your worship.
You were not hungry.

You visited 1 branch

Inventory:

Rods
 J - a +5 rod of ignition (13/13)
   (You found it in the Dungeon)
Jewellery
 a - a +6 ring of dexterity (left hand)
 i - a +6 ring of dexterity
 j - a +6 ring of intelligence
 k - a cursed +6 ring of intelligence
 l - a +6 ring of strength
 m - a +6 ring of strength
 v - an uncursed ring of sustain abilities
 H - the cursed ring "Beotoill" {Ice +Inv Int+2 Dex+4}
   (You found it in the Dungeon)

   [ring of ice]

   It enhances your ice magic, and weakens your fire magic.
   It affects your intelligence (+2).
   It affects your dexterity (+4).
   It makes you vulnerable to fire.
   It protects you from cold.
   It lets you turn invisible.
   It has a curse placed upon it.
 I - the ring "Venob" {AC+3 Int+3}
   (You took it off a spriggan in the Dungeon)

   [ring of protection]

   It affects your AC (+3).
   It affects your intelligence (+3).
 K - a +5 ring of strength
 L - an uncursed ring of protection from cold
 N - the ring of Meduisyps (right hand) {+Fly rElec rF- MP+9 Str+4 Int+2 Dex+4 SInv}
   (You found it in the Dungeon)

   [ring of see invisible]

   It affects your strength (+4).
   It affects your intelligence (+2).
   It affects your dexterity (+4).
   It makes you vulnerable to fire.
   It insulates you from electricity.
   It affects your magic capacity (+9).
   It enhances your eyesight.
   It lets you fly.
 P - an uncursed ring of protection from cold
 Q - the macabre finger necklace {Ward rN+}
   (You found it in the Dungeon)

   [amulet of warding]

   It may prevent the melee attacks of summoned creatures.
   It protects you from negative energy.
 R - the amulet "Cryutovy" (around neck) {Ward Contam rF++ rN+ Int+6 Dex-2 Slay+2}
   (You found it in the Dungeon)

   [amulet of warding]

   It may prevent the melee attacks of summoned creatures.
   It affects your intelligence (+6).
   It affects your dexterity (-2).
   It affects your accuracy and damage with ranged weapons and melee attacks
   (+2).
   It greatly protects you from fire.
   It protects you from negative energy.
   It causes magical contamination when unequipped.
 S - the ring "Xuhoirum" {Fire Int+4 Dex+3}
   (You found it in the Dungeon)

   [ring of fire]

   It enhances your fire magic, and weakens your ice magic.
   It affects your intelligence (+4).
   It affects your dexterity (+3).
   It protects you from fire.
   It makes you vulnerable to cold.
Magical devices
 n - a wand of disintegration (7)
 o - a wand of fire (5)
 p - a wand of cold (5)
 q - a wand of draining (5)
Scrolls
 h - 4 scrolls of blinking
 y - 4 scrolls of amnesia
 z - 3 scrolls of recharging
 A - 6 scrolls of fog
 B - a scroll of holy word
 C - 5 scrolls of identify
 D - 5 scrolls of remove curse
 E - 2 scrolls of fear
 M - 4 scrolls of enchant armour
Potions
 c - 9 potions of curing
 d - a potion of heal wounds
 e - 5 potions of haste
 f - 7 potions of magic
 g - a potion of berserk rage
 r - 2 potions of brilliance
 t - 2 potions of restore abilities
 u - a potion of resistance
 w - a potion of agility
 x - 3 potions of might
Miscellaneous
 s - a sack of spiders
 O - a lantern of shadows
 T - a lantern of shadows
Comestibles
 b - 5 bread rations
 F - 37 fruits
 G - 4 meat rations


   Skills:
 + Level 14.1 Fighting
 - Level 10.4 Dodging
 - Level 1.7 Stealth
 + Level 18.0 Unarmed Combat
 * Level 0.4 Transmutations
 - Level 8.7 Invocations
 - Level 8.8 Evocations


You had 3 spell levels left.
You knew the following spells:

 Your Spells              Type           Power        Failure   Level  Hunger
d - Dragon Form           Trmt           #.........   100%        7    #######


Dungeon Overview and Level Annotations

Branches:
Dungeon (1/1)

Altars:
Ashenzari
Cheibriados
Dithmenos
Elyvilon
Fedhas
Gozag
Kikubaaqudgha
Makhleb
Nemelex Xobeh
Okawaru
Qazlal
Ru
Sif Muna
Trog
Vehumet
Xom
Yredelemnul
Zin
The Shining One
Beogh
Jiyva
Lugonu


Innate Abilities, Weirdness & Mutations

You can breathe blasts of fire.
Your fiery red scales are hard (AC +7).
Your body does not fit into most forms of armour.
Your flesh is heat resistant.
Your cold-blooded metabolism reacts poorly to cold.
Scrolls take you longer to read.
Your body is slowly deteriorating.
Potions and wands are less effective at restoring your health.


Message History

The ball python zombie barely misses you.
The ball python zombie misses you.
Drink which item? (? for menu, Esc to quit)
Okay, then.
Drink which item? (? for menu, Esc to quit)
You feel agile all of a sudden. The bat zombie completely misses you.
The bat zombie misses you. The hell hound completely misses you.
You block the ball python zombie's attack.
The ball python zombie completely misses you.
The hell hound completely misses you. You block the bat zombie's attack.
An adder skeleton comes into view.
Drink which item? (? for menu, Esc to quit)
You feel protected. You block the bat zombie's attack.
The bat zombie completely misses you.
The tormentor calls on the powers of darkness!
Your body is wracked with pain!
* * * LOW HITPOINT WARNING * * *
The reaper hits you from afar with a scythe of venom!!
You die... }==|

▓...8©8...▓. .........
▓..§§"§}..▓.
....Z..2...▓...:.....▓.
.......... ▓....§....▓.
........ ▓.........▓.
▓..24n ▓.........▓.
▓▓.§2▓▓ ▓.........▓.
▓..▓.WZZ§▓..▓.▓.)÷).▓.▓.
▓....§§@h§..▓.........▓.
▓▓▓▓▓▓▓▓▓▓▓▓▓▓▓▓▓▓▓▓▓▓▓▓
▓...8©8...▓...8©8...▓...
▓..||=[:§§▓..§.)§)..▓.§"
▓..)§§)?..▓..§:§.:..▓..§
▓.........▓....§....▓...
▓.........▓.........▓...
▓.........▓.........▓...
▓...÷.....▓.........▓..†


You could see a reaper, a tormentor, a wraith, a hell hound, a bat zombie, a
ball python zombie and an adder skeleton.

Vanquished Creatures
  A great orb of eyes (D)
  A skeletal warrior (D)
  An ice devil (D)
  A salamander (shapeshifter) (D)
  2 shining eyes (D)
  A worldbinder (D)
  A smoke demon (D)
  A hellion (D)
  2 fire drakes (D)
  An ancient zyme (D)
  A tormentor (D)
  A blue devil (D)
  3 slime creatures (D)
  3 spriggans (D)
  A vampire (D)
  A hungry ghost (D)
  2 steam dragons (D)
  A wyvern (D)
  A golden eye (D)
  A water moccasin (D)
  A wolf (D)
  A hell hound (D)
  3 nagas (D)
  A swamp drake (D)
  A large abomination (D)
  5 phantoms (D)
  4 necrophages (D)
  2 wights (D)
  4 jellies (D)
  2 quasits (D)
  3 crimson imps (D)
  An orc priest (D)
  An orc wizard (D)
  2 mummies (D)
  2 shadow imps (D)
  3 adders (D)
  4 white imps (D)
  A giant eyeball (D)
  2 adder zombies (D)
  An ooze (D)
  An orc (D)
  A bat zombie (D)
  A ball python (D)
  A giant gecko zombie (D)
75 creatures vanquished.

Vanquished Creatures (collateral kills)
  A quokka zombie (D)
1 creature vanquished.

Vanquished Creatures (others)
  A steam dragon (D)
1 creature vanquished.

Grand Total: 77 creatures vanquished

Notes
Turn   | Place    | Note
--------------------------------------------------------------
     0 | D        | PolkaDot, the Draconian Monk, began the quest for the Orb.
     0 | D        | Reached XP level 1. HP: 19/19 MP: 1/1
     0 | D        | Found a basalt altar of Yredelemnul.
     0 | D        | Found an iron altar of Okawaru.
     2 | D        | Found a radiant altar of Vehumet.
     2 | D        | Found a shimmering altar of Xom.
     4 | D        | Found a burning altar of Makhleb.
    10 | D        | Found a deep blue altar of Sif Muna.
    11 | D        | Found a sparkling altar of Nemelex Xobeh.
    12 | D        | Found a white marble altar of Elyvilon.
    12 | D        | Found a bloodstained altar of Trog.
    12 | D        | Found a corrupted altar of Lugonu.
    16 | D        | Found a viscous altar of Jiyva.
    47 | D        | Reached skill level 8 in Fighting
    47 | D        | Reached XP level 2. HP: 24/36 MP: 2/2
   147 | D        | Became a worshipper of Qazlal Stormbringer
   147 | D        | Acquired Qazlal's first power
   147 | D        | Acquired Qazlal's second power
   157 | D        | Entered arena 1.
   169 | D        | Reached skill level 9 in Fighting
   274 | D        | Entered arena 2.
   274 | D        | Noticed an orc priest
   274 | D        | Noticed an orc wizard
   298 | D        | Killed an orc priest
   298 | D        | Reached skill level 5 in Unarmed Combat
   298 | D        | Reached XP level 3. HP: 11/42 MP: 3/3
   298 | D        | Killed an orc wizard
   298 | D        | Acquired Qazlal's third power
   298 | D        | Reached XP level 4. HP: 12/50 MP: 4/4
   512 | D        | Entered arena 3.
   512 | D        | Noticed a crimson imp
   512 | D        | Noticed a quasit
   512 | D        | Noticed a crimson imp
   534 | D        | Killed a quasit
   537 | D        | Killed a crimson imp
   537 | D        | Reached XP level 5. HP: 38/58 MP: 5/5
   538 | D        | Killed a crimson imp
   538 | D        | Acquired Qazlal's fourth power
   538 | D        | Reached skill level 10 in Fighting
   538 | D        | Reached skill level 5 in Dodging
   640 | D        | Entered arena 4.
   640 | D        | Noticed a spriggan
   640 | D        | Noticed a spriggan
   640 | D        | Noticed a wolf
   640 | D        | Noticed a spriggan
   643 | D        | Killed a wolf
   643 | D        | Reached XP level 6. HP: 67/67 MP: 6/6
   646 | D        | Killed a spriggan
   646 | D        | Reached skill level 11 in Fighting
   646 | D        | Reached skill level 10 in Unarmed Combat
   654 | D        | Killed a spriggan
   654 | D        | Your scales start taking on a fiery red colour.
   654 | D        | Gained mutation: Your flesh is heat resistant. [draconian maturity]
   654 | D        | Reached XP level 7. HP: 60/74 MP: 7/7
   657 | D        | Killed a spriggan
   662 | D        | Got the ring "Venob" {AC+3 Int+3}
   801 | D        | Entered arena 5.
   801 | D        | Noticed a hell hound
   803 | D        | Acquired Qazlal's fifth power
   811 | D        | Killed a hell hound
   811 | D        | Reached skill level 12 in Fighting
   988 | D        | Got the ring "Beotoill" {Ice +Inv Int+2 Dex+4}
   999 | D        | Entered arena 6.
   999 | D        | Noticed a jelly
   999 | D        | Noticed a shining eye
   999 | D        | Noticed a slime creature
   999 | D        | Noticed a jelly
   999 | D        | Noticed a shining eye
  1000 | D        | Gained mutation: Scrolls take you a little longer to read. [a shining eye]
  1004 | D        | Killed a jelly
  1005 | D        | Gained mutation: Your muscles are strong. (Str +2) [a shining eye]
  1007 | D        | Gained mutation: Scrolls take you longer to read. [a shining eye]
  1008 | D        | Killed a jelly
  1009 | D        | Gained mutation: Potions and wands are less effective at restoring your health. [a shining eye]
  1009 | D        | Killed a shining eye
  1009 | D        | Reached XP level 8. HP: 62/85 MP: 8/8
  1013 | D        | Lost mutation: Your muscles are strong. (Str +2) [a shining eye]
  1015 | D        | Gained mutation: Your body is slowly deteriorating. [a shining eye]
  1018 | D        | Killed a shining eye
  1018 | D        | Reached skill level 13 in Unarmed Combat
  1024 | D        | Killed a slime creature
  1029 | D        | Identified Duomus' Guide on Execration (You found it in the Dungeon)
  1321 | D        | Entered arena 7.
  1321 | D        | Noticed a jelly
  1321 | D        | Noticed a jelly
  1321 | D        | Noticed a slime creature
  1321 | D        | Noticed a slime creature
  1321 | D        | Noticed a golden eye
  1326 | D        | Killed a golden eye
  1326 | D        | Reached XP level 9. HP: 93/93 MP: 9/9
  1328 | D        | Killed a jelly
  1330 | D        | Killed a jelly
  1332 | D        | Killed a slime creature
  1332 | D        | Reached skill level 14 in Unarmed Combat
  1334 | D        | Killed a slime creature
  1342 | D        | Got the ring of Meduisyps {+Fly rElec rF- MP+9 Str+4 Int+2 Dex+4 SInv}
  1394 | D        | Entered arena 8.
  1394 | D        | Noticed a steam dragon
  1394 | D        | Noticed a fire drake
  1394 | D        | Noticed a steam dragon
  1394 | D        | Noticed a fire drake
  1394 | D        | Noticed a wyvern
  1394 | D        | Noticed a steam dragon
  1394 | D        | Noticed a swamp drake
  1401 | D        | Killed a wyvern
  1405 | D        | Killed a steam dragon
  1405 | D        | Reached skill level 10 in Dodging
  1408 | D        | Killed a steam dragon
  1410 | D        | Killed a steam dragon
  1411 | D        | Killed a swamp drake
  1413 | D        | Killed a fire drake
  1413 | D        | Reached skill level 15 in Unarmed Combat
  1416 | D        | Killed a fire drake
  1522 | D        | Entered arena 9.
  1522 | D        | Noticed a naga
  1522 | D        | Noticed a naga
  1522 | D        | Noticed a water moccasin
  1522 | D        | Noticed a naga
  1528 | D        | Killed a water moccasin
  1528 | D        | Reached skill level 1 in Invocations
  1528 | D        | Reached skill level 1 in Evocations
  1532 | D        | Killed a naga
  1533 | D        | Killed a naga
  1536 | D        | Killed a naga
  1536 | D        | Reached XP level 10. HP: 71/103 MP: 9/14
  1645 | D        | Got the amulet "Cryutovy" {Ward Contam rF++ rN+ Int+6 Dex-2 Slay+2}
  1712 | D        | Entered arena 10.
  1712 | D        | Noticed a phantom
  1712 | D        | Noticed a phantom
  1712 | D        | Noticed a phantom
  1712 | D        | Noticed a necrophage
  1712 | D        | Noticed a wight
  1712 | D        | Noticed a necrophage
  1712 | D        | Noticed a phantom
  1712 | D        | Noticed a phantom
  1712 | D        | Noticed a necrophage
  1718 | D        | Killed a necrophage
  1724 | D        | Killed a necrophage
  1728 | D        | Killed a necrophage
  1731 | D        | Killed a phantom
  1732 | D        | Killed a phantom
  1734 | D        | Killed a phantom
  1738 | D        | Killed a phantom
  1738 | D        | Reached skill level 16 in Unarmed Combat
  1739 | D        | Killed a wight
  1742 | D        | Killed a phantom
  1750 | D        | Got the ring "Xuhoirum" {Fire Int+4 Dex+3}
  1763 | D        | Got the amulet "Gamoan" {Gourm Str+4 Dex-4}
  1769 | D        | Entered arena 11.
  1769 | D        | Noticed a hippogriff
  1769 | D        | Noticed a worldbinder
  1769 | D        | Noticed a hellion
  1769 | D        | Noticed a large abomination
  1769 | D        | Noticed an ancient zyme
  1769 | D        | Noticed a crimson imp
  1769 | D        | Noticed a great orb of eyes
  1770 | D        | Noticed a smoke demon
  1770 | D        | Noticed a quasit
  1775 | D        | Noticed an ironheart preserver
  1776 | D        | Killed a large abomination
  1783 | D        | Killed a great orb of eyes
  1783 | D        | Reached skill level 5 in Invocations
  1783 | D        | Reached skill level 5 in Evocations
  1786 | D        | Killed a worldbinder
  1787 | D        | Noticed an octopode
  1787 | D        | a hippogriff changed into an octopode
  1788 | D        | Killed a smoke demon
  1790 | D        | Killed a hellion
  1790 | D        | Reached skill level 17 in Unarmed Combat
  1791 | D        | Killed a quasit
  1791 | D        | Noticed a salamander
  1791 | D        | an octopode changed into a salamander
  1794 | D        | Killed a salamander
  1800 | D        | Killed an ancient zyme
  1805 | D        | Killed a crimson imp
  2108 | D        | Entered arena 12.
  2108 | D        | Noticed a necrophage
  2108 | D        | Noticed an ice devil
  2108 | D        | Noticed a blue devil
  2108 | D        | Noticed a vampire
  2108 | D        | Noticed a hungry ghost
  2108 | D        | Noticed a tormentor
  2109 | D        | Noticed a skeletal warrior
  2116 | D        | Killed a necrophage
  2119 | D        | Killed a tormentor
  2127 | D        | Killed a blue devil
  2128 | D        | Killed a hungry ghost
  2128 | D        | Reached XP level 11. HP: 37/110 MP: 22/22
  2131 | D        | Killed a vampire
  2135 | D        | Killed a skeletal warrior
  2143 | D        | Killed an ice devil
  2143 | D        | Reached skill level 18 in Unarmed Combat
  2349 | D        | Identified the Papyrus of Contamination (You found it in the Dungeon)
  2358 | D        | Learned a level 7 spell: Dragon Form
  2371 | D        | Entered arena 13.
  2371 | D        | Noticed a hell hound
  2371 | D        | Noticed a wight
  2371 | D        | Noticed a red devil
  2372 | D        | Noticed a hellion
  2373 | D        | Noticed a tormentor
  2373 | D        | Noticed a wraith
  2374 | D        | Noticed a necrophage
  2374 | D        | Noticed a reaper
  2377 | D        | Killed a wight
  2382 | D        | Demolished by a reaper

Action                   |  1- 3 |  4- 6 |  7- 9 | 10-12 || total
-------------------------+-------+-------+-------+-------++-------
Melee: Unarmed           |    31 |    36 |    81 |    85 ||   233
 Abil: Breathe Fire      |       |       |       |     1 ||     1
Evoke: Phantom mirror    |       |       |       |     1 ||     1
  Use: Potion            |     2 |     3 |     7 |    13 ||    25
       Scroll            |       |       |       |     1 ||     1
 Stab: Invisible         |       |       |     9 |       ||     9
  Eat: Chunk             |       |       |     3 |       ||     3
       Fruit             |       |       |     1 |     4 ||     5
